 Dungeon Crawl Stone Soup version 0.30.1-11-g7821555f0a (webtiles) character file.

Game seed: 7324671327281241296

2453 bnorton916 the Thaumaturge (level 9, -7/45 HPs)
             Began as a Deep Elf Conjurer on Jan 8, 2024.
             Was a Believer of Vehumet.
             Mangled by a red ugly thing (21 damage)
             ... on level 7 of the Dungeon.
             The game lasted 00:11:50 (9064 turns).

bnorton916 the Thaumaturge (Deep Elf Conjurer)      Turns: 9064, Time: 00:11:50

Health: -7/45      AC:  8    Str:  6    XL:     9   Next: 25%
Magic:  8/24       EV: 12    Int: 26    God:    Vehumet [**....]
Gold:   256        SH:  5    Dex: 13    Spells: 15/26 levels left

rFire   . . .        (no weapon)
rCold   . . .        (no shield)
rNeg    . . .        k - +2 robe
rPois   .            (no helmet)
rElec   .            (no cloak)
rCorr   .            H - +2 pair of gloves
SInv    .            M - +0 pair of boots
Will    .....        N - amulet of reflection
Stlth   ++           L - ring of wizardry
HPRegen 0.27/turn    (no ring)
MPRegen 0.19/turn

%: reflection, wizardry (x1)
@: no status effects
A: no striking features
a: Renounce Religion


You were on level 7 of the Dungeon.
You worshipped Vehumet.
Vehumet was pleased with you.
You visited 1 branch of the dungeon, and saw 7 of its levels.

You collected 350 gold pieces.
You spent 94 gold pieces at shops.

Inventory:

Hand Weapons
 q - a +1 short sword of speed
 t - a +1 trident of venom
 J - a +2 vampiric dagger
Missiles
 D - 4 poisoned darts
 F - a throwing net
Armour
 j - a +0 buckler
 k - a +2 robe (worn)
 s - an orb of energy
 H - a +2 pair of gloves (worn)
 M - a +0 pair of boots (worn)
 P - a +1 leather armour of willpower
 Q - a +1 kite shield of reflection
 R - a +2 ring mail of fire resistance
Jewellery
 L - a ring of wizardry (left hand)
 N - an amulet of reflection (around neck)
Wands
 u - a wand of flame (31)
 v - a wand of iceblast (17)
 x - a wand of light (7)
 K - a wand of paralysis (10)
Scrolls
 c - a scroll of brand weapon
 d - 2 scrolls of magic mapping
 f - 5 scrolls of teleportation {unknown}
 l - 2 scrolls of fear
 p - 2 scrolls of immolation
 w - a scroll of amnesia
 y - 3 scrolls of enchant weapon
 z - a scroll of fog
 A - 2 scrolls of enchant armour
 E - 3 scrolls of blinking
 I - a scroll of vulnerability {unknown}
Potions
 a - 2 potions of invisibility {unknown}
 b - a potion of haste
 e - 2 potions of ambrosia {unknown}
 g - 2 potions of resistance {unknown}
 h - 3 potions of flight {unknown}
 i - 3 potions of attraction {unknown}
 m - a potion of brilliance {unknown}
 n - a potion of heal wounds {unknown}
 o - 5 potions of curing {unknown}
 r - 3 potions of mutation {unknown}
 B - 2 potions of magic
 C - 4 potions of degeneration {unknown}
 G - a potion of lignification {unknown}
 O - a potion of experience {unknown}


   Skills:
 + Level 2.5 Armour
 - Level 2.4 Dodging
 - Level 2.4 Stealth
 + Level 9.3 Spellcasting
 + Level 8.7 Conjurations
 - Level 6.5 Hexes
 - Level 5.4 Translocations


You had 15 spell levels left.
You knew the following spells:

 Your Spells              Type           Power      Damage    Failure   Level
a - Magic Dart            Conj           100%       1d8       1%          1
b - Searing Ray           Conj           100%       2d8       1%          2
c - Iskenderun's Mystic   Conj/Tloc      48%        2d11      1%          4
d - Fulminant Prism       Conj/Hex       25%        3d14      1%          4

Your spell library contained the following spells:

 Spells                   Type           Power      Damage    Failure   Level
 Foxfire                  Conj/Fire      100%       2x1d9     1%          1
 Dazzling Flash           Conj/Hex       100%       N/A       1%          3
 Cigotuvi's Dreadful Rot  Necr/Pois/Air  24%        N/A       3%          2
 Dispel Undead            Necr           12%        3d9       19%         4
 Death Channel            Necr           6%         N/A       95%         6


Dungeon Overview and Level Annotations

Branches:
Dungeon (7/15)             Temple (0/1) D:7

Altars:
Hepliaklqana
Makhleb
Vehumet
Yredelemnul

Shops:
D:2 *   D:3 *


Message History

Key pressed, stopping explore.
Unknown command.
A red ugly thing comes into view.
Casting: Searing Ray (safe; 1% risk of failure)
Confirm with . or Enter, or press ? or * to list all spells.
You erupt in a blast of force!
The red ugly thing gurgles horribly!
Casting: Iskenderun's Mystic Blast (dangerous; 1% risk of failure)
Confirm with . or Enter, or press ? or * to list all spells.
You erupt in a blast of force!
Unknown command.
Casting: Iskenderun's Mystic Blast (dangerous; 1% risk of failure)
Confirm with . or Enter, or press ? or * to list all spells.
Aiming: Fulminant Prism (dangerous; 1% risk of failure)
Press: ? - help, Dir - move target You conjure a prism of explosive energy!
A fulminant prism comes into view.
Unknown command.
Your fulminant prism crackles loudly.
Your fulminant prism explodes!
The blast of energy engulfs the red ugly thing!
The red ugly thing is lightly wounded.
Unknown command.
You see here a +0 mace.
You see here a +0 spear.
Casting: Fulminant Prism (dangerous; 1% risk of failure)
Confirm with . or Enter, or press ? or * to list all spells.
You erupt in a blast of force!
The mystic blast hits the red ugly thing!!
The red ugly thing is moderately wounded.
The red ugly thing is knocked back by the mystic blast.
Unknown command.
Casting: Iskenderun's Mystic Blast (dangerous; 1% risk of failure)
Confirm with . or Enter, or press ? or * to list all spells.
You erupt in a blast of force!
The mystic blast hits the red ugly thing!
The red ugly thing is heavily wounded.
The red ugly thing tentacle-slaps you!
You are engulfed in flames!
The red ugly thing tentacle-slaps you!
You are engulfed in flames!!
You die...

##..)### ###...#
###
###.#########.##
#....).....#.#
#####.#########.##
#.....# #.#
####### #.#
#.....# #u#
#####.# ####@# #.#
#....# #.# #.####
#.# #.# #.# #.#
#.######.##
####.##......#
###....##.###..#
..........# #..#


You could see a red ugly thing.

Vanquished Creatures
  A troll (D:7)
  Prince Ribbit (D:6)
  Duvessa (D:7)
  2 water moccasins (D:7)
  An ice beast (D:7)
  A black bear (D:6)
  3 ogres
  2 centaurs (D:7)
  A phantom (D:3)
  2 bullfrogs (D:6)
  A gnoll sergeant (D:7)
  A scorpion (D:5)
  4 wights
  Dowan (D:7)
  5 hounds
  An orc priest (D:4)
  Jessica (D:2)
  Terence (D:2)
  An iguana (D:7)
  3 orc wizards
  7 adders
  4 gnolls (D:3)
  A shadow imp (D:7)
  2 white imps
  2 worms
  3 dart slugs
  16 orcs
  2 endoplasms
  2 giant cockroaches (D:1)
  6 hobgoblins
  2 jackals (D:1)
  7 quokkas
  6 ball pythons
  6 bats
  4 frilled lizards
  9 goblins
  9 kobolds
  7 rats
129 creatures vanquished.

Vanquished Creatures (others)
  12 fulminant prisms
12 creatures vanquished.

Grand Total: 141 creatures vanquished

Notes
Turn   | Place    | Note
-------+----------+-------------------------------------------
     0 | D:1      | bnorton916 the Deep Elf Conjurer began the quest for the
                  | Orb.
     0 | D:1      | Reached XP level 1. HP: 10/10 MP: 6/6
   635 | D:1      | Reached XP level 2. HP: 15/15 MP: 4/8
   638 | D:1      | Learned a level 2 spell: Searing Ray
  1317 | D:1      | Reached skill level 4 in Spellcasting
  1517 | D:2      | Reached XP level 3. HP: 19/19 MP: 7/10
  1522 | D:2      | Reached skill level 5 in Conjurations
  1594 | D:2      | Noticed Jessica
  1596 | D:2      | Killed Jessica
  1621 | D:2      | Found Ahorch's General Store.
  1633 | D:2      | Reached XP level 4. HP: 24/24 MP: 5/12
  1643 | D:2      | Learned a level 4 spell: Iskenderun's Mystic Blast
  1648 | D:2      | Learned a level 4 spell: Fulminant Prism
  1745 | D:2      | Noticed Terence
  1761 | D:2      | Killed Terence
  1779 | D:2      | Reached skill level 1 in Hexes
  2630 | D:3      | Reached skill level 5 in Spellcasting
  2630 | D:3      | Reached skill level 1 in Translocations
  2750 | D:3      | Reached XP level 5. HP: 12/28 MP: 8/14
  2896 | D:3      | Found a radiant altar of Vehumet.
  2905 | D:3      | Became a worshipper of Vehumet
  3280 | D:3      | Found Xysoe's Assorted Antiques.
  3302 | D:3      | Bought a scroll labelled OSUG VACRE for 16 gold pieces
  3302 | D:3      | Bought a scroll labelled OSUG VACRE for 16 gold pieces
  3302 | D:3      | Bought a scroll labelled NYM NUAGIKAU for 16 gold pieces
  3302 | D:3      | Bought a scroll labelled PEEHOSSIUG for 16 gold pieces
  3302 | D:3      | Bought a scroll labelled TEENYX GARI for 16 gold pieces
  3302 | D:3      | Bought a bubbling coppery potion for 14 gold pieces
  3315 | D:3      | Noticed a phantom
  3324 | D:3      | Killed a phantom
  3392 | D:3      | Reached XP level 6. HP: 32/32 MP: 12/16
  4033 | D:4      | Reached skill level 6 in Spellcasting
  4342 | D:4      | Reached * piety under Vehumet
  4342 | D:4      | Offered knowledge of Shock by Vehumet.
  5156 | D:4      | You fall into a shaft and drop 3 floors!
  5292 | D:5      | Entered Level 5 of the Dungeon
  5339 | D:5      | Reached XP level 7. HP: 36/36 MP: 10/18
  5450 | D:5      | Found a burning altar of Makhleb.
  6394 | D:5      | Found a basalt altar of Yredelemnul.
  6883 | D:6      | Reached skill level 7 in Spellcasting
  7054 | D:6      | Noticed Prince Ribbit
  7059 | D:6      | Reached skill level 5 in Hexes
  7061 | D:6      | Killed Prince Ribbit
  7062 | D:6      | Reached XP level 8. HP: 41/41 MP: 4/21
  7426 | D:6      | Found a hazy altar of Hepliaklqana.
  7879 | D:7      | Reached skill level 5 in Translocations
  7974 | D:7      | Found a staircase to the Ecumenical Temple.
  7979 | D:7      | Noticed Dowan
  7981 | D:7      | Noticed Duvessa
  7982 | D:7      | Reached skill level 8 in Spellcasting
  8105 | D:7      | Killed Duvessa
  8105 | D:7      | Offered knowledge of Foxfire by Vehumet.
  8107 | D:7      | Killed Dowan
  8107 | D:7      | Reached ** piety under Vehumet
  8518 | D:7      | Noticed a troll
  8524 | D:7      | Killed a troll
  8525 | D:7      | Reached skill level 1 in Armour
  8525 | D:7      | Reached XP level 9. HP: 45/45 MP: 16/23
  8572 | D:7      | Reached skill level 9 in Spellcasting
  9029 | D:7      | Noticed a red ugly thing
  9064 | D:7      | Mangled by a red ugly thing

Illustrated notes

Levels and vault maps discovered:
D:1:      dpeg_arrival_rooms_b, layout_loops_corners
D:2:      layout_rooms, serial_shops, nicolae_shop_tiny_glass, minmay_ruptured,
          uniq_jessica, uniq_terence
D:3:      layout_basic, vehumet_altar_wand_db, serial_shops, shop
D:4:      layout_layer_cave
D:5:      layout_rooms, makhleb_heckhound_becter, mainiacjoe_overflow_24_doors
D:6:      layout_gridville, mainiacjoe_overflow_cross_hatched,
          minmay_quadrilaterals, uniq_prince_ribbit1
D:7:      minmay_opposing_rooms, layout_loops_ring,
          minmay_temple_entry_sparse_star, st_stairs_4, uniq_duvessa

Skill      XL: |  1  2  3  4  5  6  7  8  9 |
---------------+----------------------------+-----
Spellcasting   | 4 5 6 7 8 9 |  9.3
Conjurations   | 5 6 7 8 |  8.7
Hexes          | 1 2 3 5 6 |  6.5
Translocations | 1 2 3 4 5 |  5.4
Armour         | 1 2 |  2.5
Dodging        | |  2.4
Stealth        | |  2.4

Action                     |  1- 3 |  4- 6 |  7- 9 || total
---------------------------+-------+-------+-------++-------
  Melee: Trident           |       |     3 |       ||     3
   Cast: Magic Dart        |    54 |   106 |    62 ||   222
         Searing Ray       |     2 |    22 |    23 ||    47
         Iskenderun's Myst |       |     2 |    12 ||    14
         Fulminant Prism   |       |       |    12 ||    12
    Use: Potion            |       |     1 |       ||     1
         Scroll            |       |     6 |     3 ||     9
 Armour: Robe              |     6 |     6 |     4 ||    16
  Dodge: Dodged            |     6 |    21 |    20 ||    47
  Block: Other             |       |       |     5 ||     5
         Reflection        |       |       |     1 ||     1
